AoeStats
← Tomate

Arena

509977493Analyzed
2v2 RM · 5d ago on Sep 28, 2026· 49m 10s· 4 players
Game mode
Random Map
Map size
Medium (4 player)
Population
200
Speed
Normal
Resources
Standard
Victory
Conquest
Starting age
Dark Age
Ending age
Imperial Age
RankedLock teamsTeams togetherTeam positionsShared explorationLock speedFull tech treeHidden civsTurbo modeCheats
Victory
Defeat
🇨🇱 Portuguese · Chile
946
+17
🇨🇱 Magyars · Chile
945
+17
🇦🇷 Spanish · Argentina
978
-17
🇦🇷 Celts · Argentina
963
-17
Tomate
11:49 Feudal Age
17:09 Castle Age
15:15 Double-Bit Axe
15:31 Horse Collar
16:46 Bloodlines
20:29 Wheelbarrow
19:58 Husbandry
21:43 Hand Cart
23:01 Scale Barding Armor
23:56 Town Watch
23:57 Loom
24:40 Chain Barding Armor
24:36 Heavy Plow
26:04 Stone Mining
26:06 Gold Mining
29:26 Gold Shaft Mining
30:27 Fletching
30:40 Padded Archer Armor
31:15 Bow Saw
34:04 Imperial Age
31:34 Stone Mining
32:20 Treadmill Crane
34:18 Bodkin Arrow
34:38 Leather Archer Armor
36:52 Thumb Ring
36:08 Elite Skirmisher
38:14 Parthian Tactics
39:27 Plate Barding Armor
38:53 Bracer
38:56 Herbal Medicine
39:29 Corvinian Army
40:09 Conscription
39:28 Man-at-Arms
39:29 Pikeman
40:12 Heavy Cavalry Archer
41:47 Ballistics
42:27 Chemistry
41:24 Murder Holes
41:35 Siege Engineers
41:04 Long Swordsman
41:29 Arson
42:55 Scale Mail Armor
43:25 Ring Archer Armor
42:27 Elite Magyar Huszar
43:49 Hoardings
44:33 Chain Mail Armor
43:41 Two-Handed Swordsman
44:15 Halberdier
46:03 Recurve Bow
47:11 Champion
nnickk0
9:54 Feudal Age
11:11 Loom
13:49 Castle Age
12:06 Double-Bit Axe
12:36 Horse Collar
16:41 Fervor
17:53 Arson
19:39 Bow Saw
21:07 Heavy Plow
22:37 Wheelbarrow
22:51 Elite Skirmisher
23:49 Fletching
24:00 Padded Archer Armor
33:19 Imperial Age
33:13 Bodkin Arrow
33:33 Leather Archer Armor
35:07 Chemistry
36:12 Gold Mining
37:39 Thumb Ring
37:58 Ballistics
46:19 Crop Rotation
Ematuri
4:41 Loom
11:50 Feudal Age
14:02 Double-Bit Axe
14:12 Gold Mining
17:47 Castle Age
19:14 Wheelbarrow
19:28 Bow Saw
20:44 Horse Collar
21:41 Gold Shaft Mining
21:20 Forging
22:55 Hand Cart
23:25 Gambesons
23:48 Scale Mail Armor
26:19 Iron Casting
26:00 Chain Mail Armor
25:48 Heavy Plow
26:19 Pikeman
32:23 Imperial Age
40:07 Elite Woad Raider
42:13 Conscription
41:59 Stronghold
43:29 Stronghold
axelinho 123836
9:10 Loom
11:27 Feudal Age
12:01 Horse Collar
12:10 Double-Bit Axe
14:57 Castle Age
13:24 Gold Mining
13:37 Stone Mining
15:59 Bow Saw
17:06 Heavy Plow
28:04 Wheelbarrow
34:18 Hand Cart
37:37 Imperial Age
37:06 Scale Barding Armor
37:53 Elite Conquistador
38:58 Chain Barding Armor
39:59 Two-Man Saw
41:48 Plate Barding Armor
41:24 Forging
44:01 Iron Casting
44:36 Bloodlines
44:29 Husbandry
44:24 Cavalier
44:56 Light Cavalry
46:14 Hussar
Connection lost

Rejoining the realm…

Still unreachable

The connection could not be restored.

Session expired

The server has moved on; the page needs a fresh start.